3R
CROWLEY CAJUNS @ CANONNIERS DE QUEBEC
08/03/2033
 
TOP OF THE 1ST
Crowley Cajuns batting - Pitching for Canonniers de Quebec : RHP Jimmy Chandler
Pitching: RHP Jimmy Chandler
Batting: RHB John Bernard 0-0: Called Strike
0-1: Foul Ball, location: 2F
0-2: Strikes out swinging
Batting: RHB Stephen Warren 0-0: Swinging Strike
0-1: Called Strike
0-2: Foul Ball, location: 2F
0-2: Strikes out looking
Batting: RHB Lucas Winslade 0-0: Ball
1-0: Foul Ball, location: 2F
1-1: Ball
2-1: Swinging Strike
2-2: Ball
3-2: Fly out, F7 (Flyball, 7)
Top of the 1st over - 0 runs, 0 hits, 0 errors, 0 left on base; Crowley 0 - Canonniers de Quebec 0
BOTTOM OF THE 1ST
Canonniers de Quebec batting - Pitching for Crowley Cajuns : RHP David Silva
Pitching: RHP David Silva
Batting: RHB Aron Cruickshank 0-0: Called Strike
0-1: Foul Ball, location: 2F
0-2: Strikes out looking
Batting: RHB Roberto Ortíz 0-0: Called Strike
0-1: Foul Ball, location: 2F
0-2: Ball
1-2: Strikes out swinging
Batting: RHB Glenn Curtis 0-0: Fly out, F8 (Flyball, 8LM)
Bottom of the 1st over - 0 runs, 0 hits, 0 errors, 0 left on base; Crowley 0 - Canonniers de Quebec 0
TOP OF THE 2ND
Crowley Cajuns batting - Pitching for Canonniers de Quebec : RHP Jimmy Chandler
Batting: RHB Vaughn White 0-0: Called Strike
0-1: Ball
1-1: Foul Ball, location: 2F
1-2: Strikes out swinging
Batting: RHB Dane Bernstine 0-0: Ground out 5-3 (Groundball, 56S)
Batting: RHB Steve Smith 0-0: Called Strike
0-1: SINGLE (Groundball, 56) (infield hit)
Batting: RHB Luis Medina 0-0: Ball
1-0: Called Strike
1-1: Ball
2-1: SINGLE (Groundball, 5) (infield hit)
Steve Smith to second
Batting: LHB José Soriano 0-0: Called Strike
0-1: Ball
1-1: Ball
2-1: Fly out, F7 (Line Drive, 7LM)
Top of the 2nd over - 0 runs, 2 hits, 0 errors, 2 left on base; Crowley 0 - Canonniers de Quebec 0
BOTTOM OF THE 2ND
Canonniers de Quebec batting - Pitching for Crowley Cajuns : RHP David Silva
Batting: RHB Cary Collins 0-0: Ball
1-0: DOUBLE (Line Drive, 7LM)
Batting: RHB Mei-shio Lan 0-0: Swinging Strike
0-1: Swinging Strike
0-2: Ball
1-2: Ball
2-2: Strikes out swinging
Batting: RHB Richard Clemmet 0-0: Called Strike
0-1: DOUBLE (Groundball, 5L)
Cary Collins scores
Pinch Runner at 2nd Lucho Pousa:
Batting: LHB Maik Zoepfel 0-0: Swinging Strike
0-1: Called Strike
0-2: Ball
1-2: Strikes out swinging
Batting: RHB Spencer Wiggins 0-0: Ball
1-0: Fly out, F7 (Flyball, 7)
Bottom of the 2nd over - 1 run, 2 hits, 0 errors, 1 left on base; Crowley 0 - Canonniers de Quebec 1
TOP OF THE 3RD
Crowley Cajuns batting - Pitching for Canonniers de Quebec : RHP Jimmy Chandler
Now in LF: Lucho Pousa
Batting: RHB Porter Ware 0-0: Called Strike
0-1: Foul Ball, location: 2F
0-2: Fly out, F7 (Flyball, 7S)
Batting: RHB John Bernard 0-0: Fly out, F8 (Flyball, 8LD)
Batting: RHB Stephen Warren 0-0: Swinging Strike
0-1: Swinging Strike
0-2: Fly out, F9 (Flyball, 9LDF)
Top of the 3rd over - 0 runs, 0 hits, 0 errors, 0 left on base; Crowley 0 - Canonniers de Quebec 1
BOTTOM OF THE 3RD
Canonniers de Quebec batting - Pitching for Crowley Cajuns : RHP David Silva
Batting: LHB Joaquín Vera 0-0: Called Strike
0-1: Swinging Strike
0-2: Ball
1-2: Foul Ball, location: 2F
1-2: Foul Ball, location: 2F
1-2: DOUBLE (Groundball, 3L)
Batting: RHB Aron Cruickshank 0-0: Called Strike
0-1: Ball
1-1: Called Strike
1-2: Ball
2-2: Strikes out looking
Batting: RHB Roberto Ortíz 0-0: Ball
1-0: Foul Ball, location: 2F
1-1: Ball
2-1: Called Strike
2-2: Foul Ball, location: 2F
2-2: Fly out, F8 (Flyball, 8RD)
Batting: RHB Glenn Curtis 0-0: Called Strike
0-1: Called Strike
0-2: Ball
1-2: Ball
2-2: Strikes out swinging
Bottom of the 3rd over - 0 runs, 1 hit, 0 errors, 1 left on base; Crowley 0 - Canonniers de Quebec 1
TOP OF THE 4TH
Crowley Cajuns batting - Pitching for Canonniers de Quebec : RHP Jimmy Chandler
Batting: RHB Lucas Winslade 0-0: Called Strike
0-1: SINGLE (Flyball, 9LS)
Batting: RHB Vaughn White 0-0: Ball
1-0: Ball
2-0: Foul Ball, location: 2F
2-1: SINGLE (Line Drive, 89M)
Lucas Winslade to second
Batting: RHB Dane Bernstine 0-0: Fly out, F4 (Popup, 34)
Batting: RHB Steve Smith 0-0: Ball
Vaughn White is caught stealing 2nd base
1-0: Swinging Strike
1-1: Foul Ball, location: 2F
1-2: Ball
2-2: Strikes out looking and he ARGUES THE CALL AND IS TOSSED!
Top of the 4th over - 0 runs, 2 hits, 0 errors, 1 left on base; Crowley 0 - Canonniers de Quebec 1
BOTTOM OF THE 4TH
Canonniers de Quebec batting - Pitching for Crowley Cajuns : RHP David Silva
Now in LF: Hai-liang Yi
Batting: RHB Cary Collins 0-0: Called Strike
0-1: Ball
1-1: Ball
2-1: Ball
3-1: Fly out, F8 (Line Drive, 8LM)
Batting: RHB Mei-shio Lan 0-0: Foul Ball, location: 2F
0-1: Fly out, F9 (Flyball, 9D)
Batting: RHB Lucho Pousa 0-0: Ball
1-0: Called Strike
1-1: Ground out 6-3 (Groundball, 6)
Bottom of the 4th over - 0 runs, 0 hits, 0 errors, 0 left on base; Crowley 0 - Canonniers de Quebec 1
TOP OF THE 5TH
Crowley Cajuns batting - Pitching for Canonniers de Quebec : RHP Jimmy Chandler
Batting: RHB Luis Medina 0-0: Ball
1-0: Swinging Strike
1-1: Ball
2-1: Swinging Strike
2-2: Foul Ball, location: 2F
2-2: Foul Ball, location: 2F
2-2: Strikes out swinging
Pitching: RHP Dimitre Zhvachkin
Batting: LHB José Soriano 0-0: Ball
1-0: Called Strike
1-1: Swinging Strike
1-2: Ball
2-2: Ball
3-2: Foul Ball, location: 2F
3-2: Strikes out swinging
Batting: RHB Porter Ware 0-0: Ball
1-0: DOUBLE (Flyball, 89D)
Batting: RHB John Bernard 0-0: Ball
1-0: Foul Ball, location: 2F
1-1: Foul Ball, location: 2F
1-2: Foul Ball, location: 2F
1-2: Ground out 6-3 (Groundball, 6)
Top of the 5th over - 0 runs, 1 hit, 0 errors, 1 left on base; Crowley 0 - Canonniers de Quebec 1
BOTTOM OF THE 5TH
Canonniers de Quebec batting - Pitching for Crowley Cajuns : RHP David Silva
Batting: LHB Maik Zoepfel 0-0: Swinging Strike
0-1: Called Strike
0-2: Foul Ball, location: 2F
0-2: Ball
1-2: Hit by Pitch
Batting: RHB Spencer Wiggins 0-0: Ball
1-0: SINGLE (Groundball, 4D)
Maik Zoepfel to second
Batting: LHB Joaquín Vera 0-0: Foul Ball, location: 2F
0-1: SINGLE (Line Drive, 56D)
Maik Zoepfel to third
Spencer Wiggins to second
Batting: RHB Aron Cruickshank 0-0: Called Strike
0-1: Fly out, F7 (Line Drive, 7)
Runner from 3rd tags up, OUT at HOME
Spencer Wiggins to third
Joaquín Vera to second
Batting: RHB Roberto Ortíz 0-0: Ground out 6-3 (Groundball, 6)
Bottom of the 5th over - 0 runs, 2 hits, 0 errors, 2 left on base; Crowley 0 - Canonniers de Quebec 1
TOP OF THE 6TH
Crowley Cajuns batting - Pitching for Canonniers de Quebec : RHP Dimitre Zhvachkin
Batting: RHB Stephen Warren 0-0: Ball
1-0: Called Strike
1-1: Ball
2-1: Swinging Strike
2-2: Strikes out swinging
Batting: RHB Lucas Winslade 0-0: SINGLE (Groundball, 3S) (infield hit)
Batting: RHB Vaughn White 0-0: Called Strike
0-1: Ball
1-1: Ball
Wild Pitch!
Lucas Winslade to second
2-1: Ball
3-1: Base on Balls
Batting: RHB Dane Bernstine 0-0: Called Strike
0-1: Ball
Lucas Winslade steals 3rd base
Vaughn White to second
1-1: Ball
2-1: Foul Ball, location: 2F
2-2: Strikes out looking
Batting: LHB Hai-liang Yi 0-0: Called Strike
0-1: Ball
1-1: Ball
2-1: Ball
3-1: Called Strike
3-2: Foul Ball, location: 2F
3-2: Base on Balls
Batting: RHB Luis Medina 0-0: Foul Ball, location: 2F
0-1: Called Strike
0-2: Strikes out swinging
Top of the 6th over - 0 runs, 1 hit, 0 errors, 3 left on base; Crowley 0 - Canonniers de Quebec 1
BOTTOM OF THE 6TH
Canonniers de Quebec batting - Pitching for Crowley Cajuns : RHP David Silva
Batting: RHB Glenn Curtis 0-0: Fly out, F7 (Line Drive, 7D)
Batting: RHB Cary Collins 0-0: Called Strike
0-1: Ball
1-1: Ball
2-1: Called Strike
2-2: SINGLE (Groundball, 34D)
Batting: RHB Mei-shio Lan 0-0: Grounds into double play, 4-6-3 (Groundball, 4)
Bottom of the 6th over - 0 runs, 1 hit, 0 errors, 0 left on base; Crowley 0 - Canonniers de Quebec 1
TOP OF THE 7TH
Crowley Cajuns batting - Pitching for Canonniers de Quebec : RHP Dimitre Zhvachkin
Batting: LHB José Soriano 0-0: Ball
1-0: Ball
2-0: Fly out, F8 (Flyball, 78D)
Batting: RHB Porter Ware 0-0: Ball
1-0: Foul Ball, location: 2F
1-1: Foul Ball, location: 2F
1-2: Foul Ball, location: 2F
1-2: Strikes out swinging
Batting: RHB John Bernard 0-0: Called Strike
0-1: Ball
1-1: Swinging Strike
1-2: Strikes out looking
Top of the 7th over - 0 runs, 0 hits, 0 errors, 0 left on base; Crowley 0 - Canonniers de Quebec 1
BOTTOM OF THE 7TH
Canonniers de Quebec batting - Pitching for Crowley Cajuns : RHP David Silva
Batting: RHB Lucho Pousa 0-0: Ball
1-0: Swinging Strike
1-1: Ball
2-1: Foul Ball, location: 2F
2-2: Strikes out swinging
Batting: LHB Maik Zoepfel 0-0: Called Strike
0-1: Swinging Strike
0-2: Strikes out swinging
Batting: RHB Spencer Wiggins 0-0: Foul Ball, location: 2F
0-1: SOLO HOME RUN (Flyball, 7LD), Distance : 363 ft
Batting: LHB Joaquín Vera 0-0: Ball
1-0: Reached on error, E4 (Groundball, 4)
Batting: RHB Aron Cruickshank 0-0: Foul Ball, location: 2F
0-1: Reached via error on a dropped throw, E3
Joaquín Vera to second
Batting: RHB Roberto Ortíz 0-0: Fielders Choice at 2nd, 6-4 (Groundball, 6)
Bottom of the 7th over - 1 run, 1 hit, 2 errors, 2 left on base; Crowley 0 - Canonniers de Quebec 2
TOP OF THE 8TH
Crowley Cajuns batting - Pitching for Canonniers de Quebec : RHP Dimitre Zhvachkin
Pitching: RHP Jonathan Campbell
Batting: RHB Stephen Warren 0-0: Called Strike
0-1: Called Strike
0-2: Foul Ball, location: 2F
0-2: Strikes out swinging, 2-3 out at first.
Batting: RHB Lucas Winslade 0-0: Called Strike
0-1: Ground out 4-3 (Groundball, 4)
Batting: RHB Vaughn White 0-0: Ground out 5-3 (Groundball, 5)
Top of the 8th over - 0 runs, 0 hits, 0 errors, 0 left on base; Crowley 0 - Canonniers de Quebec 2
BOTTOM OF THE 8TH
Canonniers de Quebec batting - Pitching for Crowley Cajuns : RHP David Silva
Batting: RHB Glenn Curtis 0-0: Called Strike
0-1: Ball
1-1: Foul Ball, location: 2F
1-2: Ball
2-2: Foul Ball, location: 2F
2-2: Foul Ball, location: 2F
2-2: SOLO HOME RUN (Flyball, 7D), Distance : 376 ft
Batting: RHB Cary Collins 0-0: Ball
1-0: Called Strike
1-1: SINGLE (Flyball, 9LM)
Pitching: RHP Júlio Antunez
Batting: RHB Mei-shio Lan 0-0: Ball
1-0: Called Strike
1-1: Swinging Strike
1-2: Ball
2-2: Foul Ball, location: 2F
2-2: Ball
3-2: Strikes out swinging
Cary Collins steals 2nd base
Batter strikes out.
Batting: RHB Lucho Pousa 0-0: Called Strike
0-1: Ball
1-1: Ball
2-1: Ground out 6-3 (Groundball, 6)
Batting: LHB Maik Zoepfel 0-0: Ball
1-0: Ground out U3 (Groundball, 3L)
Bottom of the 8th over - 1 run, 2 hits, 0 errors, 1 left on base; Crowley 0 - Canonniers de Quebec 3
TOP OF THE 9TH
Crowley Cajuns batting - Pitching for Canonniers de Quebec : RHP Jonathan Campbell
Batting: RHB Dane Bernstine 0-0: Foul Ball, location: 2F
0-1: DOUBLE (Flyball, 89D)
Batting: LHB Hai-liang Yi 0-0: Ball
1-0: Called Strike
1-1: Foul Ball, location: 2F
1-2: Ball
2-2: Foul Ball, location: 2F
2-2: Ball
3-2: Base on Balls
Pinch Hitting: RHB Pancho Espinoza 0-0: Called Strike
0-1: Called Strike
0-2: SINGLE (Flyball, 7S)
Dane Bernstine to third
Hai-liang Yi to second
Pinch Hitting: RHB Timo Zwiefelhofer 0-0: Ball
1-0: Ball
2-0: SINGLE (Line Drive, 6MD)
Dane Bernstine scores
Hai-liang Yi to third
Pancho Espinoza to second
Batting: RHB Porter Ware 0-0: Ball
1-0: Ball
2-0: Called Strike
2-1: Ball
3-1: Foul Ball, location: 2F
3-2: Strikes out looking
Pinch Hitting: RHB Albert Seals 0-0: Called Strike
0-1: Ball
1-1: Foul Ball, location: 2F
1-2: Strikes out swinging
Pinch Hitting: RHB Vitorio Flores 0-0: Called Strike
0-1: Fielders Choice at 2nd, 6-4 (Groundball, 6)
Top of the 9th over - 1 run, 3 hits, 0 errors, 3 left on base; Crowley 1 - Canonniers de Quebec 3
Saturday, December 22nd, 2018 - OOTP Baseball 18.8 Build 76